 Dungeon Crawl Stone Soup version 0.29.1-15-g9cfb28693d (webtiles) character file.

Game seed: 17398041797908504084

22 Heoruswealwe the Caller (level 2, 0/15 HPs)
             Began as a Deep Elf Summoner on Mar 30, 2023.
             Was a Believer of Lugonu.
             Slain by a goblin
             ... wielding a +0 dagger
              (1 damage)
             ... on level 3 of the Dungeon.
             The game lasted 00:03:42 (325 turns).

Heoruswealwe the Caller (Deep Elf Summoner)          Turns: 325, Time: 00:03:43

Health: 0/15       AC:  2    Str:  5    XL:     2   Next: 68%
Magic:  8/8        EV: 12    Int: 19    God:    Lugonu [**....]
Gold:   25         SH:  0    Dex: 15    Spells: 7/8 levels left

rFire   . . .      SeeInvis .   e - +3 spear
rCold   . . .      Faith    .   (no shield)
rNeg    . . .      Spirit   .   a - +0 robe
rPois   .          Reflect  .   (no helmet)
rElec   .          Harm     .   (no cloak)
rCorr   .          Rampage  .   (no gloves)
Will    .....                   (no boots)
Stlth   ++........              (no amulet)
HPRegen 0.05/turn               (no ring)
MPRegen 0.11/turn               (no ring)

@: slowed, very slow
A: no striking features
a: Renounce Religion, Depart the Abyss, Bend Space


You were on level 3 of the Dungeon.
You worshipped Lugonu.
Lugonu was pleased with you.
You visited 1 branch of the dungeon, and saw 3 of its levels.

You collected 25 gold pieces.

Inventory:

Hand Weapons
 e - a +3 spear (weapon)
Armour
 a - a +0 robe (worn)
Scrolls
 d - a scroll of identify {unknown}
Potions
 b - a potion of magic
 c - a potion of brilliance {unknown}


   Skills:
 - Level 2.4 Dodging
 - Level 2.4 Stealth
 + Level 3.9 Spellcasting
 + Level 4.9 Summonings


You had 7 spell levels left.
You knew the following spells:

 Your Spells              Type           Power      Damage    Failure   Level
a - Summon Small Mammal   Summ           88%        N/A       1%          1

Your spell library contained the following spells:

 Spells                   Type           Power      Damage    Failure   Level
 Call Imp                 Summ           22%        N/A       2%          2
 Call Canine Familiar     Summ           22%        N/A       5%          3
 Apportation              Tloc           6%         N/A       14%         1
 Necrotise                Necr           12%        1d4       14%         1
 Summon Guardian Golem    Hex/Summ       13%        N/A       16%         3
 Static Discharge         Conj/Air       3%         3-4/arc   22%         2
 Gell's Gravitas          Tloc           3%         N/A       38%         3
 Teleport Other           Tloc           3%         N/A       38%         3
 Summon Lightning Spire   Summ/Air       13%        N/A       45%         4
 Dispel Undead            Necr           3%         3d7       80%         4
 Sticky Flame             Conj/Fire      3%         2d3       80%         4
 Dispersal                Tloc           1%         N/A       100%        6


Dungeon Overview and Level Annotations

Branches:
Dungeon (3/15)

Altars:
Lugonu

Annotations:
D:3 Jessica


Message History

Jessica gestures wildly while chanting.
Jessica blinks!
The goblin closely misses you.
You closely miss the goblin.
The goblin is heavily wounded.
A bat comes into view.
The goblin misses you.
The bat moves out of view.
You barely miss the goblin.
The goblin is heavily wounded.
The goblin hits you but does no damage.
You barely miss the goblin.
The goblin is heavily wounded.
The goblin hits you with a +0 dagger.
You closely miss the goblin.
The goblin is heavily wounded.
The goblin hits you with a +0 dagger.
* * * LOW HITPOINT WARNING * * *
The goblin attacks as you move away! The goblin hits you but does no damage.
Jessica attacks as you move away! Jessica closely misses you.
Jessica mumbles some strange words.
Jessica seems to speed up.
The goblin hits you with a +0 dagger.
* * * LOW HITPOINT WARNING * * *
The goblin attacks as you move away! The goblin hits you but does no damage.
Jessica mumbles some strange words.
Jessica blinks!
Jessica casts a spell at you. Pain shoots through your body!
* * * LOW HITPOINT WARNING * * *
Jessica shouts, "I don't like beings like you!"
You see here a +3 spear.
e - a +3 spear Jessica gestures at you while chanting.
You feel yourself slow down.
e - a +3 spear (weapon)
You barely miss the goblin. Jessica closely misses you. The goblin misses you.
Jessica casts a spell at you. Pain shoots through your body!
* * * LOW HITPOINT WARNING * * *
The goblin hits you with a +0 dagger.
You die...

######## #......###
#........#
........# #.....#
... +..@..+
....##.g@.# ....
#....+ .....#....#
......##...#
...........#
...........###
...........†<#
#...###...#........


You could see Jessica (fast) and a goblin.

Vanquished Creatures
  A ball python (D:3)
1 creature vanquished.

Vanquished Creatures (collateral kills)
  An adder (D:2)
  3 endoplasms (D:2)
  A giant cockroach (D:1)
  3 goblins
  A ball python (D:2)
  A frilled lizard (D:2)
  A kobold (D:2)
11 creatures vanquished.

Grand Total: 12 creatures vanquished

Notes
Turn   | Place    | Note
-------+----------+-------------------------------------------
     0 | D:1      | Heoruswealwe the Deep Elf Summoner began the quest for the
                  | Orb.
     0 | D:1      | Reached XP level 1. HP: 10/10 MP: 6/6
    73 | D:1      | You fall into a shaft and drop 1 floor!
   184 | D:2      | Reached XP level 2. HP: 15/15 MP: 4/8
   242 | D:2      | Found a faded altar of an unknown god.
   254 | D:2      | Prayed at the altar of an unknown god.
   254 | D:2      | Became a worshipper of Lugonu the Unformed
   254 | D:2      | Reached * piety under Lugonu
   254 | D:2      | Reached ** piety under Lugonu
   300 | D:3      | Noticed Jessica
   325 | D:3      | Slain by a goblin

Illustrated notes

Levels and vault maps discovered:
D:1:      erik_arrival_orb_chamber, layout_loops_corners, serial_forest,
          infiniplex_forest_end_double, infiniplex_forest_3_way,
          infiniplex_forest_lined_3_way, infiniplex_forest_lined_corner,
          infiniplex_forest_pool, infiniplex_forest_split,
          infiniplex_forest_clump_double, infiniplex_forest_clump_large
D:2:      layout_rooms, hellmonk_ecumenical_altar_slurped_away
D:3:      minmay_razor_zed, layout_basic, dreamdust_wishing_well, uniq_jessica

Action                   || total
-------------------------++-------
Melee: Unarmed           ||    14
       Spear             ||     1
 Cast: Summon Small Mamm ||    11
 Stab: Sleeping          ||     1
Armor: Robe              ||     4
Dodge: Dodged            ||    15
